Map: Frozen Temple

Players

LeeManChild - Winner!

  • Race: Zerg Zerg
  • Spawn Location: 5:00

Fropez

  • Race: Protoss Protoss
  • League: Gold
  • Spawn Location: 11:00

VOD

Have the link to the VOD?

Description

Time

  • Played on: Sept. 21, 2016, 7:48 p.m.
  • Length: 11:43
Show
View Real Time Build Order
Export as new Build Order

LeeManChild Zerg - Winner!

Build Orders: Pool First 

Get SALT Encoding   

  12  0:01  Drone  
  13  0:08  Drone  
  14  0:17  Overlord  
  14  0:35  Spawning Pool  
  14  0:37  Drone  
  14  0:40  Drone  
  15  0:45  Drone  
  16  1:11  Drone, Hatchery  
  17  1:13  Drone  
  17  1:24  Queen  
  19  1:29  Extractor, Drone  
  19  1:33  Drone  
  20  1:40  Zergling x2  
  20  1:43  Drone  
  22  1:57  Overlord  
  22  2:16  Queen  
  22  2:17  Drone x2  
  26  2:25  Zergling x2  
  26  2:28  Drone  
  28  2:33  Drone  
  28  2:36  Extractor  
  28  2:38  Evolution Chamber  
  28  2:42  Zergling x4  
  28  2:43  Zergling x4  
  31  2:52  Zergling x2  
  31  3:02  Metabolic Boost  
  31  3:03  Drone  
  31  3:04  Drone  
  33  3:13  Zergling x4  
  35  3:29  Drone  
  35  3:30  Overlord x2  
  35  3:33  Extractor  
  35  3:36  Roach Warren  
  35  3:37  Lair  
  34  3:45  Queen  
  36  3:49  Drone x2  
  36  3:54  Drone  
  39  4:14  Drone x3  
  39  4:15  Drone x5  
  47  4:24  Zerg Melee Weapons Level 1  
  47  4:28  Evolution Chamber  
  47  4:31  Drone x2  
  48  4:39  Drone x2  
  50  4:53  Hatchery  
  49  5:06  Hatchery  
  48  5:11  Roach  
  48  5:12  Overlord  
  48  5:13  Overlord  
  52  5:23  Extractor  
  52  5:27  Lair  
  49  5:29  Zerg Ground Armor Level 1  
  49  5:34  Overseer  
  49  5:38  Drone x4  
  49  5:39  Drone x3  
  56  6:04  Drone x2  
  56  6:05  Drone x7  
  56  6:10  Roach  
  67  6:12  Glial Reconstitution  
  67  6:19  Infestation Pit  
  66  6:34  Zerg Missile Weapons Level 1  
  66  6:36  Roach  
  66  6:37  Zergling x10  
  66  6:38  Zergling x8  
  77  7:00  Roach  
  77  7:01  Roach  
  79  7:12  Hydralisk Den  
  78  7:15  Hive  
  78  7:36  Drone x2  
  80  7:38  Overlord x2  
  80  7:39  Overlord  
  80  7:40  Overlord  
  80  7:41  Overlord  
  80  7:52  Lair  
  80  7:54  Burrow, Pneumatized Carapace  
  80  8:08  Hydralisk x3  
  80  8:09  Hydralisk x5  
  80  8:11  Hatchery  
  95  8:19  Extractor  
  94  8:21  Extractor  
  94  8:24  Hatchery  
  92  8:32  Hatchery  
  91  8:41  Adrenal Glands  
  91  8:43  Muscular Augments  
  91  9:07  Hydralisk x6  
  103  9:22  Extractor, Drone x3  
  103  9:23  Drone x5  
  110  9:26  Extractor  
  110  9:28  Drone  
  93  9:55  Hydralisk x3  
  93  9:56  Hydralisk x7  
  113  10:04  Zergling x10  
  113  10:05  Zergling x16  
  126  10:19  Spore Crawler  
  126  10:20  Spine Crawler x2, Spore Crawler  
  122  10:24  Spine Crawler  
  121  10:33  Overseer  
  121  10:35  Overseer  
  121  10:36  Overseer x2  
  118  11:02  Zergling x2  
  118  11:03  Zergling x2  
  117  11:08  Drone x4  
  118  11:14  Hatchery  
  118  11:18  Spore Crawler  
Show
View Real Time Build Order
Export as new Build Order

Fropez Protoss 

Build Orders:  

Get SALT Encoding   

  12  0:01  Probe (Chrono Boost)  
  13  0:16  Pylon  
  13  0:18  Probe (Chrono Boost)  
  14  0:25  Assimilator  
  14  0:40  Gateway  
  14  0:41  Probe (Chrono Boost)  
  15  0:51  Probe (Chrono Boost)  
  16  1:08  Forge  
  16  1:09  Pylon  
  16  1:10  Probe (Chrono Boost)  
  17  1:27  Cybernetics Core  
  17  1:29  Probe (Chrono Boost)  
  18  1:39  Probe (Chrono Boost)  
  19  1:46  Protoss Ground Weapons Level 1 (Chrono Boost)  
  19  1:50  Probe  
  19  1:52  Assimilator  
  20  2:06  Warp Gate (Chrono Boost)  
  21  2:15  Pylon, Stalker  
  22  2:34  Pylon  
  22  2:39  Pylon  
  22  2:47  Mothership Core (Chrono Boost)  
  22  2:50  Adept  
  26  2:58  Photon Cannon  
  26  3:01  Pylon  
  25  3:18  Probe (Chrono Boost)  
  26  3:31  Gateway  
  26  3:33  Gateway  
  26  3:53  Probe  
  27  3:59  Nexus  
  27  4:13  Stalker  
  29  4:23  Pylon  
  29  4:34  Probe  
  30  4:38  Zealot  
  30  4:40  Zealot  
  34  4:47  Probe  
  35  4:56  Stalker  
  37  5:04  Stalker  
  39  5:11  Zealot  
  41  5:20  Pylon  
  41  5:30  Twilight Council  
  41  5:32  Probe  
  41  5:33  Probe  
  43  5:39  Protoss Ground Armor Level 1 (Chrono Boost)  
  43  5:48  Probe  
  44  5:56  Sentry x3  
  50  6:15  Pylon  
  50  6:17  Pylon  
  50  6:26  Blink (Chrono Boost)  
  50  6:30  Probe  
  51  6:35  Stalker  
  51  6:39  Probe  
  53  6:41  Pylon  
  54  6:49  Probe  
  54  6:50  Pylon  
  54  6:52  Pylon  
  55  6:55  Stalker  
  55  7:09  Protoss Ground Weapons Level 2 (Chrono Boost)  
  55  7:12  Assimilator  
  55  7:14  Assimilator  
  55  7:23  Gateway, Stalker  
  57  7:35  Probe  
  57  7:36  Robotics Facility  
  58  7:41  Probe  
  59  7:56  Dark Shrine  
  59  7:59  Gateway  
  59  8:00  Pylon  
  59  8:02  Probe  
  60  8:15  Stalker x2  
  64  8:34  Stalker  
  66  8:37  Warp Prism (Chrono Boost)  
  68  9:02  Gateway  
  68  9:07  Gateway  
  68  9:08  Gateway  
  68  9:20  Observer  
  68  9:21  Stalker x2  
  73  9:38  Observer  
  68  10:00  Dark Templar x2  
  68  10:01  Dark Templar x2  
  76  10:11  Dark Templar  
  78  10:54  Dark Templar  
  78  10:55  Dark Templar x4  
  86  11:03  Probe x2  
Tags
 
League
Gold
Matchup
PvZ
Opening
Pool First
Replay Pack
All Mines
Spawn Locations
Cross Positions
Add a new tag
Caveats
  • Supply blocks, unpowered buildings, or Contaminate may cause inaccurate times.
  • Supply counts are checked every 10 seconds.